stoopid, neutral female human Barbarian ----- .....####### |..(| # ##-...| ### -------------- #------- # |...| f )/.*%"%%.*.%*| ------------ #|......#### |...| #@-.@=*%+!%!!(!*!| |..(.......+ ####|>..{.|#####-...| *?.!+.[.%.=[?| |..........| # #-......## ----- -------------- |........<..##### |.....| |..........| ------- |..........- ------------ stoopid the Plunderess Experience level: 1 Strength: 18 Dexterity: 18 Constitution: 17 Intelligence: 8 Wisdom: 9 Charisma: 7 Health: 0(16) Energy: 3(3) Def: 3 Gold: 382 Moves: 1295 Dungeon seed: 63GCZ2nN_xL-WGjL Game ID: stoopid_1506301140 Your Inventory: Coins $ - 382 gold pieces Weapons a - a +0 two-handed sword (weapon in hands) b - a blessed +0 axe (alternate weapon; not wielded) v - 6 +0 elven arrows y - a blessed +0 elven dagger Armor e - an uncursed rusty +0 ring mail (being worn) r - an uncursed +0 orcish helm (being worn) Comestibles c - an uncursed food ration f - an uncursed tin of newt meat j - an uncursed slime mold t - an uncursed tripe ration D - an uncursed tin of gecko meat Scrolls g - 2 uncursed scrolls of light i - an uncursed scroll of blank paper x - an uncursed scroll of fire C - an uncursed scroll of taming Potions z - an uncursed potion of confusion B - a blessed potion of extra healing Tools d - an uncursed brass lantern (lit) (0:1310) m - an uncursed tin opener Gems n - an uncursed worthless piece of red glass q - an uncursed topaz stone Spells and supernatural/magical abilities: Name Level Category Fail Memory W - pray for help -- divine ? -- Your skills at the end: Fighting Skills bare handed combat [Basic] Weapon Skills axe [Basic] two-handed sword [Basic] Spellcasting Skills Final Attributes: You had strayed. You were poison resistant. You are dead. Vanquished creatures: a little dog a hobbit a red mold a jackal 2 foxes 2 goblins a sewer rat 2 grid bugs a lichen 3 newts 15 creatures vanquished. Voluntary challenges: You were an atheist. You used a wielded weapon 4 times, starting on turn 332. You read items or engraved 2 times, starting on turn 706. You never genocided any monsters. You never polymorphed an object. You never changed form. You used no wishes. You never split a pudding. You never wrote Elbereth's name. You violated your moral code, losing 13 points of alignment, starting on turn 321. Dungeon overview: The Dungeons of Doom: levels 1 to 4 Level 1 a long staircase Level 2 a general store, some fountains a long staircase Level 3 a vault Level 4 <- You were here a general store, a fountain History has recorded: On T:1 you entered the Dungeons of Doom to retrieve the Amulet of Yendor! On T:195 you reached level 2 of The Dungeons of Doom. On T:659 you reached level 3 of The Dungeons of Doom. On T:1212 you reached level 4 of The Dungeons of Doom. Score breakdown: Gold: 382 ( 8787 points) Experience: 1 level ( 0 points) Exploration: 4 levels ( 8.33%) ( 7579 points) Discoveries: 3 items ( 1.20%) ( 3286 points) Valuables value: (no points given unless you survive) Artifact value: 0 ( 0 points) Variety of kills: 10 monsters ( 2.61%) ( 4847 points) Turncount: 1295 turns ( 0 points) Survival: died (score multiplied by 80%) Total score: 19599 Latest messages: Never mind. You see here a large box. You carefully open the large box... You displace your kitten. The goblin wields a magical crude dagger! The magical crude dagger welds itself to the goblin's hand! The kitten bites the goblin. The goblin is killed! Stooopid tries, but fails, to cast a spell. There are several objects here. This goblin corpse tastes terrible! Stooopid tries, but fails, to cast a spell. Stooopid plays a horn! You see a puff of smoke. The bolt of fire hits you! You stop eating. You die... For some reason, you think that you can almost hear the Wizard laugh manically... Final status: Goodbye stoopid the Barbarian, killed by a bolt of fire... You died in The Dungeons of Doom on dungeon level 4 with 19599 points, and 382 pieces of gold, after 1295 moves. You were level 1 with a maximum of 16 hit points when you died.